[ AOE2 MATCH · #507173587 ]
UnrankedWei vs Malay
Player's team · LOSS
Rival team · WIN
[ REPLAY ANALYSIS · EXTRACTED FROM THE RECORDED GAME ]
Feudal
9:16
Castle
—
Imperial
—
| APM avg | 59.7 |
| APM peak | 112 |
| eAPM avg | 25.7 |
| Villagers / military | 50 / 7 |
Focus
⚔️ 37.3% · 🌾 62.7%
Militia ×7
Feudal
11:09
Castle
—
Imperial
—
| APM avg | 77.5 |
| APM peak | 140 |
| eAPM avg | 28.7 |
| Villagers / military | 72 / 32 |
Focus
⚔️ 48.8% · 🌾 51.2%
Archer ×29 · Militia ×3
Match map
Initial resources + every placement click. Lines = walls · curves = elevation contours. ◆ gold · ⬟ stone · ● berries · ✦ relic · ◌ wall gap
Your base· Open — opponent sealed themselves in
DGHIR | chanchilaru's base· ✓ Closed at 12:00 · 48t walls · no gate
Smoothed initial terrain · ◌ = detected wall gap · hover for details
Inputs per minute
— JOJO ROAD ROLLER - - DGHIR | chanchilaru
Build order — JOJO ROAD ROLLER
124 actions detected in the replay
| 0:00 | Create | Villager (Male) ×4 |
| 0:01 | Build | House |
| 0:02 | Build | House |
| 1:30 | Create | Villager (Male) |
| 1:30 | Create | Villager (Male) |
| 1:55 | Create | Villager (Male) |
| 2:15 | Build | Lumber Camp |
| 2:16 | Create | Villager (Male) |
| 2:49 | Create | Villager (Male) |
| 3:16 | Create | Villager (Male) |
| 3:17 | Create | Villager (Male) |
| 3:18 | Create | Villager (Male) |
| 3:41 | Build | House |
| 3:47 | Create | Villager (Male) |
| 3:54 | Build | House |
| 3:56 | Build | Palisade Wall |
| 4:29 | Create | Villager (Male) |
| 4:33 | Create | Villager (Male) |
| 5:16 | Build | Mill |
| 5:20 | Create | Villager (Male) |
| 5:21 | Create | Villager (Male) |
| 5:24 | Research | Loom |
| 5:49 | Create | Villager (Male) |
| 5:49 | Research | Loom |
| 7:04 | Research | Feudal Age |
| 7:05 | Build | Barracks |
| 7:46 | Create | Militia |
| 7:47 | Create | Militia |
| 8:15 | Build | Mining Camp |
| 8:39 | Create | Militia |
| 8:39 | Create | Militia |
| 8:48 | Build | House |
| 8:49 | Build | Palisade Wall |
| 9:16 | Age | Feudal Age |
| 9:18 | Create | Villager (Male) |
| 9:19 | Research | Man-at-Arms (upgrade) |
| 9:41 | Create | Villager (Male) |
| 9:45 | Create | Villager (Male) |
| 9:57 | Create | Villager (Male) |
| 10:03 | Create | Militia |
| 10:13 | Build | Farm |
| 10:13 | Build | Farm |
| 10:19 | Create | Villager (Male) |
| 10:20 | Build | Farm |
| 10:30 | Create | Militia |
| 10:30 | Create | Militia |
| 10:54 | Build | House |
| 11:02 | Create | Villager (Male) |
| 11:03 | Build | Mining Camp |
| 11:20 | Create | Villager (Male) |
| 11:32 | Build | Farm |
| 11:50 | Build | Watch Tower |
| 11:53 | Create | Villager (Male) |
| 12:05 | Build | Farm |
| 12:06 | Create | Villager (Male) |
| 12:29 | Create | Villager (Male) |
| 12:32 | Build | Farm |
| 12:43 | Build | House |
| 13:08 | Build | Watch Tower |
| 13:14 | Research | Arson |
| 13:15 | Create | Villager (Male) |
| 13:38 | Create | Villager (Male) |
| 13:44 | Create | Villager (Male) |
| 14:17 | Create | Villager (Male) |
| 14:21 | Build | Watch Tower |
| 14:23 | Build | Watch Tower |
| 14:27 | Create | Villager (Male) |
| 14:41 | Create | Villager (Male) |
| 14:49 | Create | Villager (Male) |
| 15:02 | Build | Farm |
| 15:03 | Build | Farm |
| 15:04 | Create | Villager (Male) |
| 15:20 | Create | Villager (Male) |
| 15:26 | Build | Farm |
| 15:34 | Build | House |
| 15:38 | Create | Villager (Male) |
| 15:45 | Build | Watch Tower |
| 15:53 | Create | Villager (Male) |
| 16:02 | Build | House |
| 16:04 | Build | Blacksmith |
| 16:07 | Build | House |
| 16:08 | Build | House |
| 16:09 | Build | Palisade Wall |
| 16:12 | Create | Villager (Male) |
| 16:21 | Create | Villager (Male) |
| 16:26 | Create | Villager (Male) |
| 16:43 | Create | Villager (Male) |
| 16:48 | Build | House |
| 16:49 | Build | Palisade Wall |
| 16:53 | Build | Palisade Wall |
| 16:55 | Build | Palisade Wall |
| 16:56 | Build | Palisade Wall |
| 17:00 | Research | Horse Collar |
| 17:02 | Research | Fletching |
| 17:15 | Create | Villager (Male) |
| 17:21 | Build | Palisade Wall |
| 17:25 | Build | Farm |
| 17:56 | Build | Watch Tower |
| 18:00 | Create | Villager (Male) |
| 18:02 | Build | Farm |
| 18:02 | Build | Farm |
| 18:19 | Create | Villager (Male) |
| 18:42 | Build | Farm |
| 18:43 | Build | Farm |
| 18:44 | Create | Villager (Male) |
| 18:46 | Build | Farm |
| 18:46 | Build | Farm |
| 18:48 | Create | Villager (Male) |
| 19:08 | Create | Villager (Male) |
| 19:14 | Build | Farm |
| 19:21 | Build | Lumber Camp |
| 19:57 | Build | Farm |
| 20:23 | Build | House |
| 20:25 | Create | Villager (Male) |
| 20:30 | Build | Gate |
| 20:46 | Build | House |
| 20:47 | Build | House |
| 20:49 | Build | House |
| 20:50 | Build | House |
| 20:55 | Build | Stone Wall |
| 20:57 | Build | House |
| 20:59 | Build | House |
| 21:00 | Build | House |
| 21:03 | Build | House |
Build order — DGHIR | chanchilaru
First 150 of 177 actions detected
| 0:00 | Create | Villager (Male) |
| 0:01 | Create | Villager (Male) |
| 0:01 | Create | Villager (Male) |
| 0:02 | Build | House |
| 0:03 | Build | House |
| 0:07 | Create | Villager (Male) |
| 0:08 | Create | Villager (Male) |
| 1:24 | Create | Villager (Male) |
| 1:24 | Create | Villager (Male) |
| 2:08 | Create | Villager (Male) |
| 2:09 | Create | Villager (Male) |
| 2:11 | Build | Lumber Camp |
| 2:14 | Create | Villager (Male) |
| 2:14 | Create | Villager (Male) |
| 2:45 | Create | Villager (Male) |
| 2:45 | Create | Villager (Male) |
| 3:04 | Create | Villager (Male) |
| 3:04 | Create | Villager (Male) |
| 3:28 | Create | Villager (Male) |
| 3:28 | Create | Villager (Male) |
| 3:51 | Create | Villager (Male) |
| 3:51 | Create | Villager (Male) |
| 3:55 | Build | House |
| 3:55 | Build | House |
| 4:25 | Create | Villager (Male) |
| 4:25 | Create | Villager (Male) |
| 4:39 | Build | Barracks |
| 4:50 | Create | Villager (Male) |
| 4:51 | Create | Villager (Male) |
| 4:51 | Create | Villager (Male) |
| 5:07 | Create | Villager (Male) |
| 5:07 | Create | Villager (Male) |
| 5:13 | Build | House |
| 5:33 | Create | Militia |
| 5:33 | Create | Militia |
| 6:03 | Create | Villager (Male) |
| 6:03 | Create | Villager (Male) |
| 6:09 | Build | House |
| 6:11 | Build | Palisade Wall |
| 6:27 | Create | Militia |
| 6:31 | Build | Palisade Wall |
| 6:44 | Build | Palisade Wall |
| 6:54 | Create | Villager (Male) |
| 6:54 | Create | Villager (Male) |
| 6:54 | Create | Villager (Male) |
| 6:55 | Create | Villager (Male) |
| 6:56 | Create | Villager (Male) |
| 7:01 | Build | Palisade Wall |
| 7:10 | Build | Mill |
| 7:42 | Build | Palisade Wall |
| 7:52 | Create | Villager (Male) |
| 7:53 | Create | Villager (Male) |
| 7:53 | Create | Villager (Male) |
| 8:12 | Build | Palisade Wall |
| 8:14 | Build | Palisade Wall |
| 8:17 | Build | Farm |
| 8:18 | Create | Villager (Male) |
| 8:22 | Create | Villager (Male) |
| 8:40 | Build | Farm |
| 8:40 | Create | Villager (Male) |
| 8:43 | Build | House |
| 8:47 | Research | Loom |
| 8:47 | Research | Loom |
| 9:49 | Create | Villager (Male) |
| 9:50 | Research | Feudal Age |
| 9:51 | Research | Feudal Age |
| 9:57 | Build | House |
| 10:30 | Build | Mining Camp |
| 10:58 | Build | Palisade Wall |
| 10:59 | Build | House |
| 11:05 | Create | Villager (Male) |
| 11:05 | Create | Villager (Male) |
| 11:09 | Age | Feudal Age |
| 11:19 | Create | Villager (Male) |
| 11:23 | Build | Archery Range |
| 11:25 | Research | Double-Bit Axe |
| 11:25 | Research | Double-Bit Axe |
| 11:26 | Create | Villager (Male) |
| 11:42 | Create | Villager (Male) |
| 11:49 | Create | Villager (Male) |
| 12:12 | Create | Archer |
| 12:12 | Create | Archer |
| 12:24 | Build | Archery Range |
| 12:28 | Build | House |
| 12:30 | Build | Palisade Wall |
| 12:32 | Build | Palisade Wall |
| 12:32 | Build | Palisade Wall |
| 12:35 | Build | Palisade Wall |
| 12:38 | Create | Archer |
| 12:39 | Create | Villager (Male) |
| 12:39 | Create | Villager (Male) |
| 12:40 | Create | Villager (Male) |
| 12:54 | Create | Villager (Male) |
| 13:04 | Build | House |
| 13:11 | Create | Archer |
| 13:12 | Create | Archer |
| 13:24 | Build | Outpost |
| 13:36 | Build | House |
| 13:39 | Build | Mining Camp |
| 13:52 | Build | Stone Wall |
| 13:55 | Create | Archer |
| 13:55 | Create | Archer |
| 13:56 | Create | Villager (Male) |
| 14:04 | Build | Stone Wall |
| 14:08 | Create | Villager (Male) |
| 14:13 | Create | Villager (Male) |
| 14:28 | Build | Watch Tower |
| 15:01 | Create | Archer |
| 15:01 | Create | Archer |
| 15:02 | Create | Archer |
| 15:17 | Create | Archer |
| 15:17 | Create | Archer |
| 15:23 | Build | Farm |
| 15:23 | Build | Farm |
| 15:24 | Create | Villager (Male) |
| 15:36 | Build | Farm |
| 15:43 | Create | Villager (Male) |
| 15:43 | Create | Villager (Male) |
| 15:50 | Create | Archer |
| 15:50 | Create | Archer |
| 15:50 | Create | Archer |
| 16:15 | Create | Archer |
| 16:16 | Create | Villager (Male) |
| 16:30 | Build | Farm |
| 16:30 | Build | Farm |
| 16:37 | Build | House |
| 16:42 | Research | Town Watch |
| 16:42 | Research | Town Watch |
| 16:43 | Create | Villager (Male) |
| 16:51 | Build | House |
| 16:53 | Create | Archer |
| 17:02 | Create | Archer |
| 17:21 | Build | Blacksmith |
| 17:23 | Build | Stone Wall |
| 17:25 | Build | Stone Wall |
| 17:34 | Build | Palisade Wall |
| 17:36 | Create | Archer |
| 17:37 | Create | Archer |
| 17:37 | Create | Villager (Male) |
| 17:38 | Create | Villager (Male) |
| 17:38 | Create | Villager (Male) |
| 17:52 | Create | Villager (Male) |
| 18:06 | Research | Fletching |
| 18:12 | Create | Villager (Male) |
| 18:12 | Create | Villager (Male) |
| 18:15 | Create | Archer |
| 18:16 | Create | Archer |
| 18:16 | Create | Archer |
| 18:21 | Build | Watch Tower |
| 18:37 | Create | Villager (Male) |
Match timeline
| 3:56 | JOJO ROAD ROLLER · wall_segment Palisade Wall x4 |
| 4:39 | DGHIR | chanchilaru · first_building Barracks |
| 6:11 | DGHIR | chanchilaru · wall_segment Palisade Wall x10 |
| 6:31 | DGHIR | chanchilaru · wall_segment Palisade Wall x2 |
| 6:44 | DGHIR | chanchilaru · wall_segment Palisade Wall x12 |
| 7:01 | DGHIR | chanchilaru · wall_segment Palisade Wall x3 |
| 7:05 | JOJO ROAD ROLLER · first_building Barracks |
| 7:42 | DGHIR | chanchilaru · wall_segment Palisade Wall x7 |
| 8:12 | DGHIR | chanchilaru · wall_segment Palisade Wall x5 |
| 8:14 | DGHIR | chanchilaru · wall_segment Palisade Wall x10 |
| 8:49 | JOJO ROAD ROLLER · wall_segment Palisade Wall x1 |
| 9:16 | JOJO ROAD ROLLER · age_up feudal |
| 10:58 | DGHIR | chanchilaru · wall_segment Palisade Wall x1 |
| 11:09 | DGHIR | chanchilaru · age_up feudal |
| 11:23 | DGHIR | chanchilaru · first_building Archery Range |
| 12:30 | DGHIR | chanchilaru · wall_segment Palisade Wall x1 |
| 12:32 | DGHIR | chanchilaru · wall_segment Palisade Wall x1 |
| 12:32 | DGHIR | chanchilaru · wall_segment Palisade Wall x1 |
| 12:35 | DGHIR | chanchilaru · wall_segment Palisade Wall x6 |
| 13:52 | DGHIR | chanchilaru · wall_segment Stone Wall x5 |
| 14:04 | DGHIR | chanchilaru · wall_segment Stone Wall x1 |
| 16:09 | JOJO ROAD ROLLER · wall_segment Palisade Wall x16 |
| 16:49 | JOJO ROAD ROLLER · wall_segment Palisade Wall x7 |
| 16:53 | JOJO ROAD ROLLER · wall_segment Palisade Wall x7 |
| 16:55 | JOJO ROAD ROLLER · wall_segment Palisade Wall x8 |
| 16:56 | JOJO ROAD ROLLER · wall_segment Palisade Wall x3 |
| 17:21 | JOJO ROAD ROLLER · wall_segment Palisade Wall x15 |
| 17:23 | DGHIR | chanchilaru · wall_segment Stone Wall x1 |
| 17:25 | DGHIR | chanchilaru · wall_segment Stone Wall x3 |
| 17:34 | DGHIR | chanchilaru · wall_segment Palisade Wall x1 |
| 20:55 | JOJO ROAD ROLLER · wall_segment Stone Wall x1 |
| 21:17 | JOJO ROAD ROLLER · resign |
[ AI ANALYSIS · 1 CREDIT ]
What really happened in this match?
Wolo.gg analyzes every decision: build order, eco, micro, common mistakes by bracket. Personalized analysis on WhatsApp or Discord in 30 seconds.
Civ guide
Wei
Perfil
Jugador #12249685